 Dungeon Crawl Stone Soup version 0.31-a0-868-g674d60d6f7 (webtiles) character file.

Game seed: 1857981391582017426

208810 miscthings the Prestidigitator (level 19, 0/150 HPs)
             Began as a Gnoll Artificer on Oct 11, 2023.
             Was an Initiate of Gozag.
             Slain by a tengu reaver
             ... wielding a +1 war axe
              (22 damage)
             ... on level 1 of the Depths on Oct 12, 2023.
             The game lasted 01:59:47 (27664 turns).

miscthings the Prestidigitator (Gnoll Artificer)   Turns: 27664, Time: 01:59:48

Health: 0/150      AC: 22    Str: 23    XL:     19   Next: 21%
Magic:  37/45      EV: 18    Int: 12    God:    Gozag
Gold:   3577       SH: 13    Dex: 15    Spells: 6/44 levels left

rFire   + + +        w - +9 falchion of the Fool {freeze, rElec rPois Str+4 Int-4}
rCold   . . .        X - +1 buckler {AC+3}
rNeg    + . .        V - +1 leather armour "Fossem" {rF+ Regen+ Slay+3}
rPois   +            C - +3 crown of Dyrovepreva {rElec Int+2 SInv}
rElec   +            x - +0 cloak "Ytooceuti" {rF+ Str+4}
rCorr   +            S - +3 pair of gauntlets of War {Slay+5}
SInv    +            W - +3 pair of seven-league boots {Rampage+∞}
Will    +++..        s - amulet of reflection
Stlth   +++++        l - ring "Iwiconytu" {rN+ Will+ rCorr MP+9 Dex+3}
HPRegen 1.25/turn    B - ring of willpower
MPRegen 0.29/turn

%: reflection, rampage+∞
@: gold aura, invisible
A: fangs 1, strong nose, distributed training, fire resistance 1, weak 1,
inability to read after injury 1
a: Renounce Religion, Potion Petition, Call Merchant, Bribe Branch


You were on level 1 of the Depths.
You worshipped Gozag.
Gozag was most pleased with you.
You visited 6 branches of the dungeon, and saw 27 of its levels.
You also visited: Volcano.

You collected 13902 gold pieces.
You spent 4019 gold pieces at shops.
You paid 6306 gold pieces to Gozag.

Inventory:

Hand Weapons
 q - the +9 dagger of Accord {pain, rC+ Str+3}
   (You took it off a deep elf high priest on level 1 of the Elven Halls)

   Str+3:     It affects your strength (+3).
   rC+:       It protects you from cold.
 w - the +9 falchion of the Fool (weapon) {freeze, rElec rPois Str+4 Int-4}
   (You took it off a deep elf knight on level 3 of the Elven Halls)

   Str+4:     It affects your strength (+4).
   Int-4:     It affects your intelligence (-4).
   rElec:     It insulates you from electricity.
   rPois:     It protects you from poison
Missiles
 b - 8 curare-tipped darts
 f - 4 throwing nets
Armour
 x - the +0 cloak "Ytooceuti" (worn) {rF+ Str+4}
   (You acquired it on level 12 of the Dungeon)

   Str+4:     It affects your strength (+4).
   rF+:       It protects you from fire.
 C - the +3 crown of Dyrovepreva (worn) {rElec Int+2 SInv}
   (You found it on level 5 of the Lair of Beasts)

   Int+2:     It affects your intelligence (+2).
   rElec:     It insulates you from electricity.
   SInv:      It lets you see invisible.
 F - a +1 plate armour of cold resistance
 L - the +3 scale mail of Muarob {rN+ Dex+2 SInv}
   (You bought it in a shop on level 8 of the Dungeon)

   Dex+2:     It affects your dexterity (+2).
   rN+:       It protects you from negative energy.
   SInv:      It lets you see invisible.
 S - the +3 pair of gauntlets of War (worn) {Slay+5}
   (You bought it in a shop on level 8 of the Dungeon)

   Slay+5:    It affects your accuracy & damage with ranged weapons and melee
   (+5).
 T - the +4 ring mail "Cunyus" {+Blink Regen+ Dex+5}
   (You bought it in a shop on level 8 of the Dungeon)

   Dex+5:     It affects your dexterity (+5).
   +Blink:    It lets you blink.
   Regen+:    It increases your rate of health regeneration.
 V - the +1 leather armour "Fossem" (worn) {rF+ Regen+ Slay+3}
   (You took it off a deep elf demonologist on level 3 of the Elven Halls)

   Slay+3:    It affects your accuracy & damage with ranged weapons and melee
   (+3).
   rF+:       It protects you from fire.
   Regen+:    It increases your rate of health regeneration.
 W - the +3 pair of seven-league boots (worn) {Rampage+∞}
   (You bought it in a shop on level 8 of the Dungeon)

   Rampage+∞: When moving toward enemies, its wearer moves as far as possible,
   alerting their target en route.
 X - a +1 buckler of protection (worn)
Jewellery
 h - the ring of Weutar {rN+ Str+4 SInv}
   (You found it on level 1 of the Elven Halls)

   [ring of positive energy]

   Str+4:     It affects your strength (+4).
   rN+:       It protects you from negative energy.
   SInv:      It lets you see invisible.
 l - the ring "Iwiconytu" (left hand) {rN+ Will+ rCorr MP+9 Dex+3}
   (You acquired it on level 5 of the Dungeon)

   [ring of magical power]

   Dex+3:     It affects your dexterity (+3).
   rN+:       It protects you from negative energy.
   Will+:     It increases your willpower.
   MP+9:      It affects your magic capacity (+9).
   rCorr:     It protects you from acid and corrosion.
 s - an amulet of reflection (around neck)
 B - a ring of willpower (right hand)
 G - an amulet of regeneration
 J - the ring "Sushosud" {Ice rPois rCorr Int-3 Dex+7}
   (You took it off a deep elf demonologist on level 3 of the Elven Halls)

   [ring of ice]

   Ice:       It enhances your ice magic.
   Int-3:     It affects your intelligence (-3).
   Dex+7:     It affects your dexterity (+7).
   rF-:       It makes you vulnerable to fire.
   rC+:       It protects you from cold.
   rPois:     It protects you from poison rCorr: It protects you from acid and
   corrosion.
Wands
 a - a wand of quicksilver (8)
 c - a wand of flame (34) (quivered)
 d - a wand of charming (1)
 e - a wand of iceblast (19)
 j - a wand of mindburst (27)
 I - a wand of digging (6)
 K - a wand of polymorph (12)
 R - a wand of paralysis (6)
Scrolls
 i - 3 scrolls of teleportation
 u - a scroll of blinking
 y - 4 scrolls of vulnerability
 D - 2 scrolls of fog
 H - 3 scrolls of enchant armour
 M - 3 scrolls of revelation
 Q - 2 scrolls of butterflies
 U - 3 scrolls of poison
 Y - a scroll of immolation
Potions
 k - 7 potions of curing
 m - 8 potions of brilliance
 n - 3 potions of might
 o - 3 potions of enlightenment
 t - 5 potions of haste
 z - 4 potions of resistance
 A - 2 potions of invisibility
 E - 2 potions of attraction
 N - 5 potions of lignification
 O - 3 potions of magic
 P - 3 potions of mutation
 Z - 3 potions of cancellation
Miscellaneous
 g - a tin of tremorstones (inert)
 r - a lightning rod (1/4)
 v - a sack of spiders (inert)


   Skills:
 + Level 13.4 Fighting
 + Level 13.1 Short Blades
 + Level 13.1 Long Blades
 + Level 13.1 Axes
 + Level 13.1 Maces & Flails
 + Level 13.1 Polearms
 + Level 13.1 Staves
 + Level 13.1 Ranged Weapons
 + Level 13.1 Throwing
 + Level 13.9 Armour
 + Level 13.4 Dodging
 + Level 13.3 Stealth
 + Level 13.1 Shields
 + Level 13.1 Unarmed Combat
 + Level 13.1 Spellcasting
 + Level 11.1 Conjurations
 + Level 11.1 Hexes
 + Level 11.1 Summonings
 + Level 11.1 Necromancy
 + Level 11.1 Translocations
 + Level 11.1 Transmutations
 + Level 11.1 Fire Magic
 + Level 11.1 Ice Magic
 + Level 11.1 Air Magic
 + Level 11.1 Earth Magic
 + Level 11.1 Poison Magic
 + Level 14.2 Invocations
 + Level 14.5 Evocations
 + Level 12.1 Shapeshifting


You had 6 spell levels left.
You knew the following spells:

 Your Spells              Type           Power      Damage    Failure   Level
a - Borgnjor's Vile Clut  Necr/Erth      17%        N/A       3%          5
b - Fulminant Prism       Conj/Hex       17%        3d10      1%          4
c - Ensorcelled Hibernat  Hex/Ice        68%        N/A       1%          2
d - Summon Ice Beast      Ice/Summ       34%        N/A       1%          4
e - Inner Flame           Hex/Fire       34%        N/A       1%          3
f - Brom's Barrelling Bo  Conj/Erth      34%        2d5       1%          4
g - Arcjolt               Conj/Air       17%        1d27      3%          5
h - Animate Armour        Summ/Erth      68%        N/A       1%          4
j - Olgreb's Toxic Radia  Pois           34%        N/A       1%          4
t - Mephitic Cloud        Conj/Pois/Air  34%        N/A       1%          3

Your spell library contained the following spells:

 Spells                   Type           Power      Damage    Failure   Level
 Apportation              Tloc           68%        N/A       1%          1
 Freeze                   Ice            100%       1d10      1%          1
 Magic Dart               Conj           100%       1d8       1%          1
 Necrotise                Necr           100%       1d9       1%          1
 Slow                     Hex            100%       N/A       1%          1
 Sting                    Tmut/Pois      100%       1d8       1%          1
 Summon Small Mammal      Summ           100%       N/A       1%          1
 Jinxbite                 Hex            68%        N/A       1%          2
 Passwall                 Tmut/Erth      28%        N/A       1%          2
 Poisonous Vapours        Pois/Air       68%        N/A       1%          2
 Searing Ray              Conj           68%        2d6       1%          2
 Sublimation of Blood     Necr           34%        N/A       1%          2
 Wereblood                Tmut           34%        N/A       1%          2
 Confusing Touch          Hex            34%        N/A       1%          3
 Frozen Ramparts          Ice            68%        1d11      1%          3
 Hailstorm                Conj/Ice       34%        3d9       1%          3
 Ignite Poison            Fire/Tmut/Pois 34%        N/A       1%          3
 Sigil of Binding         Hex            34%        N/A       1%          3
 Vampiric Draining        Necr           34%        2d8       1%          3
 Anguish                  Hex/Necr       17%        N/A       1%          4
 Flame Wave               Conj/Fire      34%        2d10      1%          4
 Passage of Golubria      Tloc           34%        N/A       1%          4
 Sticky Flame             Conj/Fire      34%        2d5       1%          4
 Vhi's Electric Charge    Tloc/Air       68%        N/A       1%          4
 Freezing Cloud           Conj/Ice/Air   17%        6-21      3%          5
 Iskenderun's Battlesphe  Conj           34%        2d9       3%          5
 Silence                  Hex/Air        17%        N/A       3%          5
 Bombard                  Conj/Erth      17%        9d3       17%         6
 Death Channel            Necr           17%        N/A       17%         6
 Plasma Beam              Fire/Air       17%        2x1d28    17%         6
 Spellforged Servitor     Conj/Summ      17%        N/A       67%         7
 Summon Hydra             Summ           17%        N/A       67%         7
 Discord                  Hex            17%        N/A       100%        8
 Ignition                 Fire           17%        3d7       100%        8
 Lehudib's Crystal Spear  Conj/Erth      17%        10d5      100%        8
 Animate Dead             Necr           Unusable   N/A       N/A         4
 Simulacrum               Ice/Necr       Unusable   N/A       N/A         6

Dungeon Overview and Level Annotations

Branches:
Dungeon (15/15)            Temple (1/1) D:4            Lair (5/5) D:10
 Shoals (0/4) Lair:2        Snake (0/4) Lair:3        Slime (0/5) Lair:5
    Orc (2/2) D:9             Elf (3/3) Orc:2        Vaults (0/5) D:13
 Depths (1/4) D:15        Volcano (visited)

Altars:
Ashenzari
Cheibriados
Dithmenos
Elyvilon
Fedhas
Gozag
Hepliaklqana
Kikubaaqudgha
Makhleb
Nemelex Xobeh
Okawaru
Qazlal
Ru
Sif Muna
Trog
Uskayaw
Vehumet
Wu Jian
Xom
Yredelemnul
Zin
The Shining One
Jiyva

Shops:
D:8 [!   D:11 (   D:13 *   Orc:2 =[(*   Elf:1 **   Elf:3 (   Lair:2 [
Lair:5 (

Portals:
Hell: Depths:1

Annotations:
D:4 2 runed translucent doors
Elf:1 6 runed translucent doors


Innate Abilities, Weirdness & Mutations

You have very sharp teeth.
Your uncanny sense of smell can sniff out nearby items.
Your experience applies equally to all skills.
Your flesh is heat resistant. (rF+)
You are weak. (Str -2)
You occasionally lose the ability to read scrolls when taking damage.


Message History

You feel stupid.
The +9 falchion of the Fool {freeze, rElec rPois Str+4 Int-4} glows with a cold blue light!
w - the +9 falchion of the Fool (weapon)
{freeze, rElec rPois Str+4 Int-4} The zombie hands constrict the tengu reaver.
You feel sick.
The zombie hands release their grip on the tengu reaver.
You feel better.
The tengu reaver is engulfed in noxious fumes.
The tengu reaver casts a spell at you. The bolt of acid hits you! You resist.
* * * LOW HITPOINT WARNING * * *
You stride towards the tengu reaver!
You slash the tengu reaver! You freeze the tengu reaver.
The tengu reaver is heavily wounded.
The tengu reaver is engulfed in noxious fumes.
The tengu reaver appears confused.
The tengu reaver hits you with a +1 war axe!
* * * LOW HITPOINT WARNING * * *
The tengu reaver completely misses you.
The tengu reaver claws you but does no damage.
The tengu reaver hits itself with a +1 war axe.
The tengu reaver pecks itself.
The tengu reaver completely misses itself.
You barely miss the tengu reaver.
You bite the tengu reaver, but do no damage.
The tengu reaver is heavily wounded.
You slash the tengu reaver! You freeze the tengu reaver.
The tengu reaver is heavily wounded.
Okay, then.
Press: ? - help, v - describe, . - travel, g - get item
Here: a stone giant, quivering large rocks (lightly wounded) Item here: a curare-tipped dart.
The floor.
Okay, then.
You fade into invisibility!
The tengu reaver seems less confused.
The tengu reaver is engulfed in noxious fumes.
The tengu reaver hits you with a +1 war axe!!
You die...
Your body crumbles into a pile of gold.

#.#....#..######## #.
##....#...#......###
#.
#.....#####..)...'.#
#.
###...#...#......#(##
#.
##..)#..#......#..###.
#....#.#......##..##.
#.....##......###..#.
#.....).......# ##.#.
####@########## #.'.
##Q# ###. ##.C# ##
#..## #'## #.......#
#......:# #..........
#....##....


You could see a stone giant (unable to see you) and a tengu reaver.

Vanquished Creatures
  Sojobo (Depths:1)
  Rupert (D:15)
  A lich (Depths:1)
  A deep elf blademaster (Elf:3)
  Gastronok (D:8)
  2 deep elf master archers (Elf:3)
  Kirke (Lair:3)
  8 deep elf sorcerers
  A caustic shrike zombie (D:15)
  2 deep elf elementalists (Elf:3)
  3 very ugly things (Depths:1)
  A vampire knight (Depths:1)
  A caustic shrike skeleton (D:15)
  5 deep elf annihilators (Elf:3)
  8 deep elf demonologists
  A red draconian (Volcano)
  6 deep elf death magi (Elf:3)
  3 ettins
  3 deep elf high priests
  A yaktaur captain (D:13)
  2 entropy weavers (Lair:3)
  A fire dragon (Depths:1)
  Josephine (Orc:2)
  An ice dragon (Depths:1)
  A rakshasa (Depths:1)
  A spriggan air mage (Depths:1)
  12 hydras
  2 alligators (Lair:4)
  2 ogre magi
  2 catoblepae
  A centaur warrior (D:14)
  2 ghost crabs (Lair:3)
  Erica (Lair:1)
  A death knight (D:15)
  5 boulder beetles
  26 dancing weapons
  6 tengu warriors
  8 two-headed ogres
  3 spriggan berserkers (Depths:1)
  4 orc high priests
  Sonja (D:13)
  24 deep elf knights
  5 hell knights (Depths:1)
  6 fire crabs (Lair:3)
  A skyshark (Lair:5)
  A death drake (shapeshifter) (D:11)
  A salamander mystic (Volcano)
  7 skeletal warriors
  A wizard (Depths:1)
  An orange crystal statue (D:14)
  34 deep elf zephyrmancers
  4 orc knights
  A phantasmal warrior (D:15)
  3 necromancers
  30 deep elf pyromancers
  18 deep elf archers
  An oklob plant (Lair:5)
  20 ugly things
  An iron dragon zombie (D:15)
  3 orc sorcerers
  A shadow dragon skeleton (D:15)
  6 cyclopes
  5 elephants (Lair:2)
  Joseph (D:7)
  2 merfolk sirens (Lair:2)
  A salamander (shapeshifter) (D:14)
  2 salamanders (Volcano)
  An apocalypse crab (Lair:3)
  2 molten gargoyles (Volcano)
  7 slime creatures
  20 cane toads
  5 black mambas
  7 unseen horrors
  A kobold demonologist (D:11)
  4 gargoyles
  2 rime drakes (Lair:2)
  Jeremiah (D:9)
  3 komodo dragons
  An efreet (D:14)
  3 yaktaurs
  3 tengu conjurers
  A merfolk (shapeshifter) (D:14)
  2 tyrant leeches (Lair:5)
  A meliai (D:10)
  2 merfolk (Lair:2)
  A tarantella (shapeshifter) (Elf:2)
  9 trolls
  3 polar bears
  2 hornets (Depths:1)
  Prince Ribbit (D:5)
  24 blink frogs
  3 air elementals
  2 spriggans (Depths:1)
  Sigmund (D:6)
  55 yaks
  A culicivora (shapeshifter) (D:13)
  A shadow (D:9)
  3 wyverns
  4 wraiths
  6 fire elementals
  7 water elementals
  Eustachio (D:5)
  2 steam dragons
  2 basilisks
  15 vampire mosquitoes
  4 swamp worms (Lair:4)
  5 wargs
  9 nagas (Lair:3)
  5 acid dragons
  Duvessa (D:5)
  14 water moccasins
  47 orc warriors
  2 black bears
  3 swamp drakes (Lair:4)
  12 ogres
  An ice beast (D:6)
  8 wolves
  4 boggarts (D:12)
  17 centaurs
  5 phantoms
  4 kobold brigands
  19 bullfrogs
  6 gnoll sergeants
  3 earth elementals
  2 scorpions
  8 wights
  Dowan (D:5)
  A troll zombie (D:9)
  9 killer bees
  10 howler monkeys
  3 electric eels
  Crazy Yiuf (D:7)
  2 jellies
  28 orc priests
  8 hounds
  2 gnoll boudas
  5 iguanas
  A sleepcap (D:4)
  Natasha (thrice) (D:4)
  17 orc wizards
  5 ogre zombies (D:9)
  26 gnolls
  8 adders
  2 white imps
  An ufetubus (D:6)
  2 dart slugs
  104 orcs
  6 ball pythons
  5 endoplasms
  5 giant cockroaches
  7 goblins
  7 hobgoblins
  3 jackals (D:5)
  A quokka (D:1)
  3 bats
  5 frilled lizards
  A goblin skeleton (D:9)
  A goblin zombie (D:9)
  A hobgoblin skeleton (D:9)
  3 hobgoblin zombies (D:9)
  24 kobolds
  An orc skeleton (D:9)
  12 orc zombies (D:9)
  5 rats
1031 creatures vanquished.

Vanquished Creatures (collateral kills)
  2 tengu reavers (Depths:1)
  A deep elf elementalist (Elf:3)
  A deep elf sorcerer (Elf:3)
  A centaur warrior (D:12)
  A two-headed ogre (D:6)
  A water moccasin (Lair:5)
  2 wolves (Lair:5)
  A hound (D:5)
  2 gnolls
  3 boulders
15 creatures vanquished.

Vanquished Creatures (others)
  A hydra (Lair:5)
  A dancing weapon (Elf:2)
  3 deep elf knights
  A deep elf pyromancer (Elf:2)
  2 air elementals (Elf:1)
  A slime creature (D:12)
  3 humans (Lair:3)
  A water elemental (Elf:1)
  A golden eye (shapeshifter) (Elf:1)
  A bullfrog (Lair:3)
  A scorpion (D:5)
  A wight (D:8)
  A gnoll (D:5)
  4 orcs (Elf:1)
  2 boulders
  4 fulminant prisms (Elf:3)
28 creatures vanquished.

Grand Total: 1074 creatures vanquished

Notes
Turn   | Place    | Note
-------+----------+-------------------------------------------
     0 | D:1      | miscthings the Gnoll Artificer began the quest for the Orb.
     0 | D:1      | Reached XP level 1. HP: 17/17 MP: 1/1
    96 | D:1      | Reached XP level 2. HP: 7/23 MP: 2/2
   807 | D:2      | Reached XP level 3. HP: 22/28 MP: 3/3
   896 | D:2      | Reached skill level 1 in Invocations
  1411 | D:2      | Reached skill level 1 in Short Blades
  1411 | D:2      | Reached skill level 1 in Long Blades
  1411 | D:2      | Reached skill level 1 in Axes
  1411 | D:2      | Reached skill level 1 in Maces & Flails
  1411 | D:2      | Reached skill level 1 in Polearms
  1411 | D:2      | Reached skill level 1 in Staves
  1411 | D:2      | Reached skill level 1 in Ranged Weapons
  1411 | D:2      | Reached skill level 1 in Throwing
  1411 | D:2      | Reached skill level 1 in Shields
  1411 | D:2      | Reached skill level 1 in Unarmed Combat
  1411 | D:2      | Reached skill level 1 in Spellcasting
  1505 | D:2      | Found a blossoming altar of Fedhas.
  1667 | D:4      | Reached XP level 4. HP: 33/34 MP: 5/5
  1700 | D:4      | Reached skill level 1 in Conjurations
  1700 | D:4      | Reached skill level 1 in Hexes
  1700 | D:4      | Reached skill level 1 in Summonings
  1700 | D:4      | Reached skill level 1 in Necromancy
  1700 | D:4      | Reached skill level 1 in Translocations
  1700 | D:4      | Reached skill level 1 in Transmutations
  1700 | D:4      | Reached skill level 1 in Fire Magic
  1700 | D:4      | Reached skill level 1 in Ice Magic
  1700 | D:4      | Reached skill level 1 in Air Magic
  1700 | D:4      | Reached skill level 1 in Earth Magic
  1700 | D:4      | Reached skill level 1 in Poison Magic
  1700 | D:4      | Reached skill level 1 in Shapeshifting
  1704 | D:4      | Noticed a phantom
  1725 | D:4      | Killed a phantom
  1726 | D:4      | Reached XP level 5. HP: 20/41 MP: 5/7
  1820 | D:4      | Noticed Natasha
  1825 | D:4      | Killed Natasha
  1826 | D:4      | Reached XP level 6. HP: 40/47 MP: 8/8
  1888 | D:4      | Reached skill level 5 in Armour
  1906 | D:4      | Found a staircase to the Ecumenical Temple.
  1912 | Temple   | Entered the Ecumenical Temple
  1921 | Temple   | Became a worshipper of Gozag Ym Sagoz the Greedy
  2834 | D:4      | Noticed Natasha
  2842 | D:4      | Found a large runed translucent door.
  2842 | D:4      | Found a large runed translucent door.
  2857 | D:4      | Noticed a two-headed ogre
  2866 | D:4      | Killed Natasha
  2917 | D:4      | Found a shadowy altar of Dithmenos.
  2952 | D:4      | Found a large runed translucent door.
  2952 | D:4      | Found a large runed translucent door.
  2980 | D:4      | Noticed a black bear
  2991 | D:4      | Killed a black bear
  2992 | D:4      | Reached XP level 7. HP: 24/52 MP: 10/10
  3026 | D:4      | Identified the +3 orcbow of Incongruity {antimagic, rCorr}
  3306 | D:5      | Entered Level 5 of the Dungeon
  3381 | D:5      | Identified 2 scrolls of acquirement
  3381 | D:5      | Acquired the ring "Iwiconytu" {rN+ Will+ rCorr MP+9 Dex+3}
  3383 | D:5      | Acquired 959 gold pieces
  3443 | D:5      | Noticed Dowan
  3451 | D:5      | Noticed Duvessa
  3459 | D:5      | Killed Duvessa
  3459 | D:5      | Noticed Eustachio
  3465 | D:5      | Killed Dowan
  3469 | D:5      | Killed Eustachio
  3509 | D:5      | Found a glowing silver altar of Zin.
  3525 | D:5      | Reached XP level 8. HP: 60/60 MP: 7/12
  3886 | D:5      | Noticed Prince Ribbit
  3894 | D:5      | Killed Prince Ribbit
  4023 | D:6      | Reached XP level 9. HP: 66/66 MP: 7/14
  4135 | D:4      | Killed a two-headed ogre
  4136 | D:4      | Reached skill level 5 in Fighting
  4136 | D:4      | Reached skill level 5 in Dodging
  4136 | D:4      | Reached skill level 5 in Stealth
  4142 | D:4      | Identified the staff of the Threshing Seeker {rF+ rN+ Int-2
                  | Dex+4 Necro}
  4174 | D:4      | Noticed Natasha
  4179 | D:4      | Killed Natasha
  4193 | D:4      | Found a large runed translucent door.
  4193 | D:4      | Found a large runed translucent door.
  4587 | D:4      | Found a shadowy altar of Dithmenos.
  4678 | D:4      | Found a staircase to the Ecumenical Temple.
  4882 | D:4      | Found a large runed translucent door.
  4882 | D:4      | Found a large runed translucent door.
  4914 | D:4      | Found a shadowy altar of Dithmenos.
  5292 | D:6      | Reached skill level 5 in Invocations
  5353 | D:6      | Found a sacrificial altar of Ru.
  5539 | D:6      | Reached XP level 10. HP: 74/74 MP: 8/17
  5570 | D:6      | Noticed a two-headed ogre
  5573 | D:6      | Noticed Sigmund
  5585 | D:6      | Killed a two-headed ogre
  5586 | D:6      | Reached skill level 5 in Short Blades
  5586 | D:6      | Reached skill level 5 in Long Blades
  5586 | D:6      | Reached skill level 5 in Axes
  5586 | D:6      | Reached skill level 5 in Maces & Flails
  5586 | D:6      | Reached skill level 5 in Polearms
  5586 | D:6      | Reached skill level 5 in Staves
  5586 | D:6      | Reached skill level 5 in Ranged Weapons
  5586 | D:6      | Reached skill level 5 in Throwing
  5586 | D:6      | Reached skill level 5 in Shields
  5586 | D:6      | Reached skill level 5 in Unarmed Combat
  5586 | D:6      | Reached skill level 5 in Spellcasting
  5609 | D:6      | Killed Sigmund
  5787 | D:6      | Reached skill level 5 in Shapeshifting
  6601 | D:7      | Reached XP level 11. HP: 83/83 MP: 9/19
  6635 | D:7      | Noticed Maggie
  6636 | D:7      | Maggie changed into Maggie the iguana
  6636 | D:7      | Noticed Maggie
  6640 | D:7      | Killed Maggie the iguana
  6653 | D:7      | Found a snail-covered altar of Cheibriados.
  6738 | D:7      | Noticed Joseph
  6756 | D:7      | Killed Joseph
  6757 | D:7      | Reached skill level 5 in Conjurations
  6757 | D:7      | Reached skill level 5 in Hexes
  6757 | D:7      | Reached skill level 5 in Summonings
  6757 | D:7      | Reached skill level 5 in Necromancy
  6757 | D:7      | Reached skill level 5 in Translocations
  6757 | D:7      | Reached skill level 5 in Transmutations
  6757 | D:7      | Reached skill level 5 in Fire Magic
  6757 | D:7      | Reached skill level 5 in Ice Magic
  6757 | D:7      | Reached skill level 5 in Air Magic
  6757 | D:7      | Reached skill level 5 in Earth Magic
  6757 | D:7      | Reached skill level 5 in Poison Magic
  6833 | D:7      | Noticed a cyclops
  6844 | D:7      | Killed a cyclops
  7149 | D:7      | Found a runed translucent door.
  7150 | D:7      | Noticed Crazy Yiuf
  7161 | D:7      | Killed Crazy Yiuf
  7303 | D:8      | Found Yrumpiul's Distillery.
  7315 | D:8      | Bought a potion of lignification for 39 gold pieces
  7315 | D:8      | Bought a potion of resistance for 130 gold pieces
  7315 | D:8      | Bought 2 potions of magic for 208 gold pieces
  7315 | D:8      | Bought a potion of enlightenment for 65 gold pieces
  7315 | D:8      | Bought a potion of mutation for 104 gold pieces
  7401 | D:8      | Bought a slimy scale mail for 207 gold pieces
  7401 | D:8      | Identified the +3 scale mail of Muarob {rN+ Dex+2 SInv}
                  | (You bought it in a shop on level 8 of the Dungeon)
  7401 | D:8      | Bought the +3 pair of gauntlets of War {Slay+5} for 1092
                  | gold pieces
  7401 | D:8      | Found the +3 pair of gauntlets of War {Slay+5}
  7401 | D:8      | Bought a jewelled ring mail for 207 gold pieces
  7401 | D:8      | Identified the +4 ring mail "Cunyus" {+Blink Regen+ Dex+5}
                  | (You bought it in a shop on level 8 of the Dungeon)
  7521 | D:8      | Noticed a two-headed ogre
  7529 | D:8      | Killed a two-headed ogre
  7667 | D:8      | Noticed Gastronok
  7684 | D:8      | Killed Gastronok
  8094 | D:9      | Found a staircase to the Orcish Mines.
  8345 | D:9      | Reached XP level 12. HP: 91/91 MP: 10/22
  8507 | D:9      | Noticed a two-headed ogre
  8517 | D:9      | Killed a two-headed ogre
  8535 | D:9      | Found a blossoming altar of Fedhas.
  8693 | D:9      | Noticed Jeremiah
  8698 | D:9      | Killed Jeremiah
  9047 | D:10     | Entered Level 10 of the Dungeon
  9047 | D:10     | Found a staircase to the Lair.
  9101 | D:10     | Noticed an eight-headed hydra
  9127 | D:10     | Killed an eight-headed hydra
  9163 | D:10     | Noticed a two-headed ogre
  9172 | D:10     | Killed a two-headed ogre
  9309 | D:10     | Noticed an ogre mage
  9316 | D:10     | Killed an ogre mage
  9448 | D:10     | Reached skill level 10 in Evocations
  9628 | D:10     | Found a glowing golden altar of the Shining One.
  9795 | D:8      | Bought the +3 pair of seven-league boots {Rampage+∞} for
                  | 920 gold pieces
  9795 | D:8      | Found the +3 pair of seven-league boots {Rampage+∞}
  9795 | D:8      | Bought a shiny buckler for 172 gold pieces
 10058 | D:11     | Noticed a boulder beetle
 10077 | D:11     | Killed a boulder beetle
 10273 | D:11     | Found Pekkuu Vala's Weapon Boutique.
 10969 | D:12     | Noticed a boulder beetle
 10979 | D:12     | Killed a boulder beetle
 10980 | D:12     | Reached XP level 13. HP: 99/99 MP: 25/25
 11294 | D:12     | Acquired the +0 cloak "Ytooceuti" {rF+ Str+4}
 11850 | D:13     | Noticed a yaktaur captain
 11858 | D:13     | Killed a yaktaur captain
 11874 | D:13     | Bought a scroll labelled ZIUBOU ZAYHOEM for 28 gold pieces
 11874 | D:13     | Bought a smoky golden potion for 25 gold pieces
 11882 | D:13     | Found a gate to the Vaults.
 12094 | D:13     | Noticed Sonja
 12103 | D:13     | Killed Sonja
 12448 | D:14     | Reached skill level 10 in Armour
 12631 | Lair:1   | Entered Level 1 of the Lair of Beasts
 12702 | Lair:1   | Reached XP level 14. HP: 108/108 MP: 12/27
 12779 | Lair:1   | Noticed Erica
 12826 | Lair:1   | Killed Erica
 12925 | Lair:1   | Reached skill level 10 in Invocations
 13167 | Lair:1   | Learned a level 5 spell: Borgnjor's Vile Clutch
 13547 | Lair:2   | Identified the +1 ring mail of Ru's Regard {rPois Will+
                  | Str+2}
 13571 | Lair:2   | Found a staircase to the Shoals.
 14411 | Lair:3   | Found a runed translucent door.
 14457 | Lair:3   | Noticed Kirke
 14466 | Lair:3   | Killed Kirke
 14869 | Lair:3   | Found a staircase to the Snake Pit.
 15156 | Lair:3   | Reached skill level 10 in Fighting
 15156 | Lair:3   | Reached skill level 10 in Dodging
 15188 | Lair:3   | Reached skill level 10 in Stealth
 15350 | Lair:3   | Identified the +5 shortbow of the Lesser Evil {speed, Fly
                  | Stlth+}
 15354 | Lair:3   | Identified the +0 morningstar "Grim Tooth" {flame, *Corrode
                  | Str-2 Int+7 Dex+8}
 15695 | Lair:4   | Reached XP level 15. HP: 115/115 MP: 28/28
 15819 | Lair:4   | Reached skill level 10 in Short Blades
 15819 | Lair:4   | Reached skill level 10 in Long Blades
 15819 | Lair:4   | Reached skill level 10 in Axes
 15819 | Lair:4   | Reached skill level 10 in Maces & Flails
 15819 | Lair:4   | Reached skill level 10 in Polearms
 15819 | Lair:4   | Reached skill level 10 in Staves
 15819 | Lair:4   | Reached skill level 10 in Ranged Weapons
 15819 | Lair:4   | Reached skill level 10 in Throwing
 15819 | Lair:4   | Reached skill level 10 in Shields
 15819 | Lair:4   | Reached skill level 10 in Unarmed Combat
 15819 | Lair:4   | Reached skill level 10 in Spellcasting
 16430 | Lair:5   | Entered Level 5 of the Lair of Beasts
 16563 | Lair:5   | Found a dark tunnel.
 16582 | Volcano  | Entered a volcano
 16695 | Volcano  | Noticed an orb of fire
 16695 | Volcano  | Noticed an orb of fire
 17037 | Lair:5   | Found the +3 crown of Dyrovepreva {rElec Int+2 SInv}
 17492 | Lair:5   | Found a staircase to the Slime Pits.
 17492 | Lair:5   | Found a viscous altar of Jiyva.
 18393 | Orc:1    | Entered Level 1 of the Orcish Mines
 18942 | Orc:2    | Entered Level 2 of the Orcish Mines
 19023 | Orc:2    | Reached XP level 16. HP: 117/125 MP: 12/30
 19107 | Orc:2    | Noticed Josephine
 19179 | Orc:2    | Killed Josephine
 19290 | Orc:2    | Found Etuasu's Antique Armour Boutique.
 19290 | Orc:2    | Found Ras Git's Weapon Emporium.
 19290 | Orc:2    | Found Biffupn's General Store.
 19293 | Orc:2    | Found Udod's Jewellery Shop.
 19297 | Orc:2    | Bought a spiked chain mail for 351 gold pieces
 19297 | Orc:2    | Identified the +0 chain mail of Fashionability {*Slow
                  | Int+5} (You bought it in a shop on level 2 of the Orcish
                  | Mines)
 19465 | Orc:2    | Found a staircase to the Elven Halls.
 19713 | Elf:1    | Entered Level 1 of the Elven Halls
 19731 | Elf:1    | Paralysed by an air elemental for 1 turns
 19739 | Elf:1    | Paralysed by an air elemental for 1 turns
 19755 | Elf:1    | HP: 2/125 [rock wall collision (24)]
 19819 | Elf:1    | Identified the +0 ring mail of the Tanner {rF- rN+++ MP+9
                  | Int+3 Dex-3}
 19842 | Elf:1    | Reached skill level 10 in Shapeshifting
 19863 | Elf:1    | Learned a level 3 spell: Inner Flame
 19917 | Elf:1    | Identified the ring of Weutar {rN+ Str+4 SInv}
 20025 | Elf:1    | Paralysed by an air elemental for 1 turns
 20073 | Elf:1    | Learned a level 4 spell: Fulminant Prism
 20088 | Elf:1    | Found Gusyest's Assorted Antiques.
 20096 | Elf:1    | Bought a scroll of blinking for 210 gold pieces
 20218 | Elf:1    | Noticed an Ice Fiend
 20299 | Elf:1    | Identified the +6 long sword of Ziqolih {heavy, rC+ Dex+2}
 20775 | Elf:1    | Identified the +9 dagger of Accord {pain, rC+ Str+3}
 20862 | Elf:1    | Found a runed translucent gate.
 20862 | Elf:1    | Found a runed translucent gate.
 20862 | Elf:1    | Found a runed translucent gate.
 20862 | Elf:1    | Found a runed translucent gate.
 20862 | Elf:1    | Found a runed translucent gate.
 20864 | Elf:1    | Found a runed translucent gate.
 20871 | Elf:1    | Noticed a storm dragon
 20871 | Elf:1    | Noticed a shadow dragon
 21582 | Elf:2    | Reached XP level 17. HP: 129/133 MP: 32/32
 21667 | Elf:2    | Found a runed translucent gate.
 21900 | Elf:2    | Found a runed translucent gate.
 21900 | Elf:2    | Found a runed translucent gate.
 22031 | Elf:2    | Reached skill level 10 in Conjurations
 22031 | Elf:2    | Reached skill level 10 in Hexes
 22031 | Elf:2    | Reached skill level 10 in Summonings
 22031 | Elf:2    | Reached skill level 10 in Necromancy
 22031 | Elf:2    | Reached skill level 10 in Translocations
 22031 | Elf:2    | Reached skill level 10 in Transmutations
 22031 | Elf:2    | Reached skill level 10 in Fire Magic
 22031 | Elf:2    | Reached skill level 10 in Ice Magic
 22031 | Elf:2    | Reached skill level 10 in Air Magic
 22031 | Elf:2    | Reached skill level 10 in Earth Magic
 22031 | Elf:2    | Reached skill level 10 in Poison Magic
 22470 | Elf:3    | Entered Level 3 of the Elven Halls
 23166 | Elf:3    | Learned a level 2 spell: Ensorcelled Hibernation
 23199 | Elf:3    | Identified the +9 falchion of the Fool {freeze, rElec rPois
                  | Str+4 Int-4}
 23230 | Elf:3    | Noticed a deep elf blademaster
 23255 | Elf:3    | Killed a deep elf blademaster
 23355 | Elf:3    | Learned a level 4 spell: Summon Ice Beast
 23388 | Elf:3    | Noticed a deep elf master archer
 23388 | Elf:3    | Noticed a deep elf master archer
 23402 | Elf:3    | Paralysed by an air elemental for 1 turns
 23405 | Elf:3    | Killed a deep elf master archer
 23553 | Elf:3    | Reached XP level 18. HP: 141/141 MP: 24/34
 23736 | Elf:3    | Identified the +5 dagger of the Extremely Mad {flame, rPois
                  | Will+}
 23740 | Elf:3    | Noticed an Ice Fiend
 23806 | Elf:3    | Identified the +1 leather armour "Fossem" {rF+ Regen+
                  | Slay+3}
 23806 | Elf:3    | Identified the ring "Sushosud" {Ice rPois rCorr Int-3
                  | Dex+7}
 24059 | Elf:3    | Killed a deep elf master archer
 24072 | Elf:3    | Bought a translucent scimitar for 261 gold pieces
 24072 | Elf:3    | Identified the +4 scimitar of Darkness {vamp, rPois rC-
                  | Will+} (You bought it in a shop on level 3 of the Elven
                  | Halls)
 24329 | Elf:3    | Got a torn book
 24335 | Elf:3    | Learned a level 4 spell: Brom's Barrelling Boulder
 24341 | Elf:3    | Learned a level 5 spell: Arcjolt
 24346 | Elf:3    | Learned a level 4 spell: Animate Armour
 24347 | Elf:3    | Identified the staff "Tumaom" {rC+ Dex+3 Ice}
 24352 | Elf:3    | Identified the +1 hat of the World {Int+3}
 24366 | Elf:3    | Identified the +7 orcbow "Orb Guardian's Death" {heavy,
                  | rN+}
 24383 | Elf:3    | Got a peculiar book
 24437 | Elf:3    | Learned a level 3 spell: Mephitic Cloud
 24442 | Elf:3    | Learned a level 4 spell: Olgreb's Toxic Radiance
 26019 | D:15     | Entered Level 15 of the Dungeon
 26061 | D:15     | Noticed Rupert
 26086 | D:15     | Killed Rupert
 26187 | D:15     | Found a staircase to the Depths.
 26588 | D:15     | Found a stormy altar of Qazlal.
 26880 | Depths:1 | Entered Level 1 of the Depths
 26911 | Depths:1 | Found a gateway to Hell.
 26996 | Depths:1 | HP: 5/143 [white very ugly thing (21)]
 27116 | Depths:1 | Noticed Sojobo
 27130 | Depths:1 | Reached XP level 19. HP: 97/149 MP: 36/36
 27155 | Depths:1 | HP: 6/149 [Sojobo/+2 great sword of electrocution (25)]
 27159 | Depths:1 | Killed Sojobo
 27472 | Depths:1 | Gained mutation: You are weak. (Str -2) [potion of
                  | mutation]
 27472 | Depths:1 | Gained mutation: You occasionally lose the ability to read
                  | scrolls when taking damage. [potion of mutation]
 27472 | Depths:1 | Gained mutation: Your flesh is heat resistant. (rF+)
                  | [potion of mutation]
 27664 | Depths:1 | Slain by a tengu reaver

Illustrated notes

Levels and vault maps discovered:
D:1:      psy_arrival_terrarium, layout_loops_ring, st_stairs_7, nicolae_titane
D:2:      layout_loops_corners, basic_altar
D:3:      layout_basic
D:4:      nicolae_cairo_tiling_very_big, layout_cave_pools,
          grunt_dithmenos_smoke, minmay_temple_entry_fiery,
          minmay_hollow_rounded_squares, uniq_natasha
D:5:      layout_basic, mainiacjoe_overflow_24_doors, uniq_duvessa,
          uniq_eustachio, uniq_prince_ribbit1
D:6:      lemuel_castle_with_subvaults [lemuel_castle_interior_original],
          layout_rooms, lemuel_tele_altar, serial_curves, eino_curves_03,
          eino_curves_02, eino_curves_01, eino_curves_02, minmay_crystal_water,
          uniq_sigmund
D:7:      layout_loops_ring, mainiacjoe_overflow_boulevard,
          nicolae_grassy_gnolls, uniq_maggie, uniq_crazy_yiuf_cottage,
          uniq_joseph
D:8:      layout_gridville, serial_shops, shop_fountains, uniq_gastronok
D:9:      layout_basic, mainiacjoe_overflow_surrounded_room, zombieorc1_lemuel,
          uniq_jeremiah
D:10:     minmay_diamond_stairs, layout_stronghold, kennysheep_mini_moat,
          lair_entry_dummy, chequers_mini_garden
D:11:     layout_basic, serial_shops, shop_statue
D:12:     layout_loops_ring
D:13:     layout_roguey [special_room_orc], david_vaults_2, uniq_sonja
D:14:     layout_small_grid, minmay_misc_feat_nine_boxes, minmay_statue_bubble
D:15:     gammafunk_depths_entry_grave, layout_cave_pods,
          nicolae_qazlal_general_emergency, statue_in_the_mist_lemuel,
          uniq_rupert
Temple:   nicolae_temple_superstar
Lair:1:   layout_hall_layers, grunt_megastairs_2, lemuel_fruit_tree, uniq_erica
Lair:2:   layout_cave_pods, elwin_shoals_entry_stream
Lair:3:   gammafunk_mikee_crab_dinner, layout_regular_city,
          minmay_snake_entry_guardpost_large, grunt_megastairs_4,
          infiniplex_staircase_pool, serial_bayou_shore_b, serial_bayou_shore_b,
          serial_bayou_shore_a, uniq_kirke
Lair:4:   onia_ninara_swampy_vault, layout_long_grid, patterned_corridor
Lair:5:   minmay_lair_end_frog_pond, layout_regular_city, slime_entry_1,
          nicolae_volcano_entry_hallway, ldierk_geyser, minmay_lair_oklob_items,
          serial_bayou_shore_b, lemuel_fruit_fields
Orc:1:    layout_caves
Orc:2:    st_orc_rangers, layout_caves, uniq_josephine
Elf:1:    layout_loops_corners, serial_shops, shop, orc_legates,
          due_unseen_surprise
Elf:2:    nicolae_elf_blades_crystal_corner, layout_gridlike
Elf:3:    minmay_elf_hall_x, layout_onion_city
Depths:1: layout_roguey, minmay_room_of_horrors, hell_entry,
          hangedman_decor_diamond_cutter, serial_bayou_ford_a,
          minmay_misc_feat_cross, amcnicky_mini_corridor_feature,
          nicolae_diode_quadrants, uniq_sojobo

Skill      XL: |  1  2  3  4  5  6  7  8  9 10 11 12 13 14 15 16 17 18 |
---------------+-------------------------------------------------------+-----
Invocations    | 1 2 3 4 5 6 7 8 9 10 11 12 13 14 | 14.2
Short Blades   | 1 2 3 4 5 6 8 9 10 11 12 13 | 13.1
Long Blades    | 1 2 3 4 5 6 8 9 10 11 12 13 | 13.1
Axes           | 1 2 3 4 5 6 8 9 10 11 12 13 | 13.1
Maces & Flails | 1 2 3 4 5 6 8 9 10 11 12 13 | 13.1
Polearms       | 1 2 3 4 5 6 8 9 10 11 12 13 | 13.1
Staves         | 1 2 3 4 5 6 8 9 10 11 12 13 | 13.1
Ranged Weapons | 1 2 3 4 5 6 8 9 10 11 12 13 | 13.1
Throwing       | 1 2 3 4 5 6 8 9 10 11 12 13 | 13.1
Shields        | 1 2 3 4 5 6 8 9 10 11 12 13 | 13.1
Unarmed Combat | 1 2 3 4 5 6 8 9 10 11 12 13 | 13.1
Spellcasting   | 1 2 3 4 5 6 8 9 10 11 12 13 | 13.1
Conjurations   | 1 2 3 4 5 6 7 8 9 10 11 | 11.1
Hexes          | 1 2 3 4 5 6 7 8 9 10 11 | 11.1
Summonings     | 1 2 3 4 5 6 7 8 9 10 11 | 11.1
Necromancy     | 1 2 3 4 5 6 7 8 9 10 11 | 11.1
Translocations | 1 2 3 4 5 6 7 8 9 10 11 | 11.1
Transmutations | 1 2 3 4 5 6 7 8 9 10 11 | 11.1
Fire Magic     | 1 2 3 4 5 6 7 8 9 10 11 | 11.1
Ice Magic      | 1 2 3 4 5 6 7 8 9 10 11 | 11.1
Air Magic      | 1 2 3 4 5 6 7 8 9 10 11 | 11.1
Earth Magic    | 1 2 3 4 5 6 7 8 9 10 11 | 11.1
Poison Magic   | 1 2 3 4 5 6 7 8 9 10 11 | 11.1
Shapeshifting  | 1 2 3 4 5 6 7 8 9 10 11 12 | 12.1
Fighting       | 3 4 5 6 7 8 9 10 11 12 13 | 13.4
Dodging        | 3 4 5 6 7 8 9 10 11 12 13 | 13.4
Stealth        | 3 4 5 6 7 8 9 10 11 12 13 | 13.3
Armour         | 5 6 7 8 9 10 11 12 13 | 13.9
Evocations     | 7 8 9 10 11 12 13 14 | 14.5

Action                     |  1- 3 |  4- 6 |  7- 9 | 10-12 | 13-15 | 16-18 | 19-21 || total
---------------------------+-------+-------+-------+-------+-------+-------+-------++-------
  Melee: Dagger            |   104 |   123 |    92 |   298 |   398 |   315 |    14 ||  1344
         Bite              |     6 |     5 |     4 |    64 |    90 |    86 |    16 ||   271
         Punch             |       |     1 |     2 |    21 |    49 |     4 |       ||    77
         Short sword       |       |       |       |    49 |    80 |       |       ||   129
         Shortbow          |       |       |       |       |     1 |       |       ||     1
         Falchion          |       |       |       |       |       |    85 |    64 ||   149
   Fire: Orcbow            |       |       |   165 |   517 |   484 |   493 |       ||  1659
         Shortbow          |       |       |       |       |   810 |   665 |       ||  1475
         Hand cannon       |       |       |       |       |     2 |       |       ||     2
  Throw: Dart              |       |       |       |       |       |       |     6 ||     6
         Throwing net      |       |       |       |       |       |       |     1 ||     1
   Cast: Borgnjor's Vile C |       |       |       |       |     6 |    61 |     7 ||    74
         Inner Flame       |       |       |       |       |       |    16 |       ||    16
         Fulminant Prism   |       |       |       |       |       |     4 |       ||     4
         Summon Ice Beast  |       |       |       |       |       |     4 |       ||     4
         Arcjolt           |       |       |       |       |       |    14 |     3 ||    17
         Brom's Barrelling |       |       |       |       |       |     5 |     1 ||     6
         Animate Armour    |       |       |       |       |       |     2 |       ||     2
         Olgreb's Toxic Ra |       |       |       |       |       |     1 |     3 ||     4
         Mephitic Cloud    |       |       |       |       |       |       |     4 ||     4
 Invoke: Call Merchant     |       |       |       |     1 |     3 |     2 |       ||     6
         Potion Petition   |       |       |       |       |       |     1 |     1 ||     2
  Evoke: Wand              |     1 |     3 |     6 |    14 |    31 |    27 |    11 ||    93
         Lightning rod     |       |       |    16 |    15 |    18 |    14 |     2 ||    65
         Tin of tremorston |       |       |       |       |     4 |     7 |       ||    11
         Sack of spiders   |       |       |       |       |       |     1 |       ||     1
    Use: Scroll            |     3 |       |     6 |     8 |    12 |     8 |     1 ||    38
         Potion            |       |       |       |     1 |     3 |     8 |     5 ||    17
   Stab: Sleeping          |     3 |     2 |       |     3 |     1 |     3 |       ||    12
         Distracted        |       |       |     1 |       |     4 |     2 |       ||     7
         Paralysed         |       |       |       |       |     3 |     1 |       ||     4
         Confused          |       |       |       |       |       |       |     2 ||     2
 Armour: Leather armour    |    16 |       |    84 |   115 |       |   150 |    63 ||   428
         Ring mail         |    43 |    84 |    16 |   163 |   563 |   478 |       ||  1347
  Dodge: Dodged            |    52 |    61 |   102 |   316 |   736 |   473 |    32 ||  1772
  Block: Buckler           |       |       |       |       |       |   112 |    29 ||   141

Table legend: (Time is in decaauts)
 A = Elapsed time spent in this place.
 B = Non-inter-level travel time spent in this place.
 C = Inter-level travel time spent in this place.
 D = Time resting spent in this place.
 E = Time spent auto-exploring this place.
 F = Levels seen in this place.
 G = Mean time per level.
                   A        B        C        D        E       F      G
               +--------+--------+--------+--------+--------+-----+--------+
         Total |  26753 |  24267 |   2486 |    312 |  15094 |  28 |  955.5 |
       Dungeon |  14448 |  12958 |   1490 |     31 |   8708 |  15 |  963.2 |
        Temple |     18 |      9 |      9 |      0 |      0 |   1 |   18.0 |
          Lair |   5133 |   4809 |    324 |      0 |   3081 |   5 | 1026.6 |
  Orcish Mines |   1356 |   1132 |    224 |      0 |    851 |   2 |  678.0 |
   Elven Halls |   4726 |   4291 |    435 |    151 |   2091 |   3 | 1575.3 |
        Depths |    711 |    711 |      0 |    130 |    240 |   1 |  711.0 |
       Volcano |    357 |    357 |      0 |      0 |    122 |   1 |  357.0 |
               +--------+--------+--------+--------+--------+-----+--------+

Top non-repeatable levels by time:
   Elf:3: 1978 daAuts
     D:4: 1952 daAuts
   Elf:1: 1496 daAuts
     D:9: 1363 daAuts
     D:6: 1358 daAuts
  Lair:3: 1314 daAuts
   Elf:2: 1252 daAuts
  Lair:5: 1174 daAuts
    D:11: 1072 daAuts
  Lair:2: 959 daAuts
  Lair:4: 848 daAuts
    D:10: 845 daAuts
  Lair:1: 837 daAuts
     D:2: 821 daAuts
     D:7: 816 daAuts
